Map: Pilares de oro EE

Players

MrFercho - Winner!

  • Race: Zerg Zerg
  • League: Gold
  • Spawn Location: 7:00

MICHELLIN

  • Race: Protoss Protoss
  • League: Gold
  • Spawn Location: 1:00

VOD

Have the link to the VOD?

Description

Time

  • Played on: July 20, 2020, 11:48 p.m.
  • Length: 20:59
Show
View Real Time Build Order
Export as new Build Order

MrFercho Zerg - Winner!

Build Orders: Hatch First, Ravager All-In 

Get SALT Encoding   

  12  0:01  Drone  
  13  0:12  Overlord  
  13  0:20  Drone  
  14  0:31  Drone x2  
  16  0:53  Hatchery  
  15  0:58  Drone x2  
  17  1:15  Drone x2  
  19  1:29  Spawning Pool  
  19  1:32  Extractor  
  17  1:43  Drone x3  
  20  1:55  Overlord  
  20  2:20  Queen, Roach Warren  
  21  2:23  Queen  
  21  2:28  Drone  
  24  2:44  Drone  
  24  2:45  Drone x4  
  29  3:07  Extractor  
  29  3:08  Roach x4  
  29  3:09  Extractor  
  35  3:18  Spine Crawler  
  35  3:19  Drone x2  
  36  3:22  Overlord  
  36  3:39  Overlord x2  
  36  3:43  Roach x2  
  36  3:45  Ravager  
  41  3:58  Ravager  
  42  4:06  Drone x3  
  42  4:07  Drone x4  
  49  4:25  Ravager x3  
  49  4:28  Spine Crawler  
  49  4:29  Ravager  
  52  4:32  Drone x4  
  52  4:36  Overlord  
  56  4:43  Extractor  
  43  5:00  Zergling x2  
  43  5:01  Zergling x10  
  49  5:22  Roach x7  
  63  5:52  Ravager x5  
  63  5:54  Overlord x3  
  68  6:29  Drone x6  
  74  6:33  Drone x3  
  74  6:37  Lair  
  76  6:44  Zergling x2  
  75  7:20  Roach x8  
  75  7:22  Overlord x2  
  91  7:31  Spine Crawler  
  91  7:33  Drone  
  91  7:35  Overlord x3, Spine Crawler  
  90  8:05  Ravager x5  
  95  8:10  Metabolic Boost  
  95  8:15  Drone  
  95  8:16  Hydralisk Den  
  95  8:19  Hatchery  
  94  8:20  Hatchery  
  84  9:35  Zergling x4  
  84  9:36  Zergling x48  
  102  10:12  Muscular Augments  
  102  10:18  Spire  
  101  10:21  Infestation Pit  
  101  10:23  Roach x4  
  101  10:24  Roach x9  
  101  10:26  Ravager  
  101  10:27  Ravager x2  
  123  11:24  Grooved Spines  
  123  11:26  Zergling x22  
  130  11:50  Roach  
  130  11:51  Roach x6  
  130  11:52  Overlord  
  130  11:53  Overlord  
  143  12:07  Hive  
  143  12:11  Drone  
  143  12:12  Drone x6  
  122  12:55  Roach  
  122  12:56  Roach x19  
  146  13:15  Zergling x2  
  146  13:16  Zergling x18  
  156  13:27  Roach  
  158  13:28  Overlord  
  158  13:29  Overlord x5  
  158  13:36  Hatchery  
  157  13:46  Hatchery  
  156  13:57  Glial Reconstitution  
  156  14:00  Hydralisk x9  
  174  14:49  Drone x7  
  174  14:50  Drone x9  
  190  15:15  Zergling x6  
  190  15:16  Zergling x12  
  198  15:46  Mutalisk  
  173  16:27  Overlord x4  
  173  16:28  Overlord x5  
  173  16:39  Lair  
  171  16:46  Mutalisk  
  162  17:14  Overlord x11  
  146  19:13  Spawning Pool  
  145  19:39  Hydralisk Den  
  144  20:32  Hydralisk x18  
  144  20:33  Hydralisk  
  182  20:38  Spore Crawler  
  181  20:43  Spore Crawler  
Show
View Real Time Build Order
Export as new Build Order

MICHELLIN Protoss 

Build Orders:  

Get SALT Encoding   

  1  0:00  Probe  
  12  0:06  Probe  
  14  0:23  Pylon  
  14  0:24  Probe  
  15  0:41  Probe  
  16  0:42  Forge  
  16  0:53  Probe  
  17  1:04  Pylon  
  17  1:05  Probe  
  18  1:23  Pylon  
  18  1:44  Photon Cannon  
  18  1:45  Photon Cannon  
  18  1:51  Pylon  
  18  2:10  Photon Cannon  
  18  2:12  Photon Cannon  
  18  2:13  Photon Cannon  
  18  2:20  Gateway  
  18  2:23  Gateway  
  18  2:25  Probe  
  19  2:34  Probe  
  19  2:42  Probe  
  21  2:53  Probe  
  22  2:59  Gateway  
  22  3:01  Gateway  
  22  3:08  Pylon  
  22  3:10  Zealot  
  22  3:12  Zealot  
  26  3:26  Cybernetics Core  
  26  3:37  Zealot  
  26  3:39  Zealot  
  30  3:45  Assimilator  
  30  3:46  Probe  
  30  3:51  Assimilator  
  30  3:54  Probe  
  31  3:56  Zealot  
  31  4:02  Zealot  
  36  4:03  Probe  
  37  4:15  Probe  
  38  4:18  Zealot  
  38  4:19  Zealot  
  42  4:28  Pylon, Probe  
  43  4:37  Shield Battery  
  43  4:40  Probe  
  40  4:58  Stalker x2  
  40  5:04  Probe  
  37  5:17  Probe  
  37  5:21  Shield Battery  
  38  5:23  Shield Battery  
  38  5:25  Pylon  
  38  5:29  Probe  
  38  5:34  Warp Gate, Shield Battery  
  39  5:36  Stalker  
  39  5:41  Probe  
  42  5:53  Probe  
  43  6:00  Robotics Facility  
  43  6:01  Stalker x2  
  47  6:23  Stalker  
  49  6:29  Stalker  
  51  6:33  Nexus  
  51  6:53  Photon Cannon  
  51  7:17  Immortal  
  55  7:29  Assimilator  
  55  7:31  Probe  
  56  7:43  Probe  
  57  7:55  Probe  
  57  7:57  Immortal  
  60  8:07  Probe  
  60  8:08  Robotics Facility  
  61  8:15  Shield Battery  
  61  8:19  Shield Battery  
  61  8:21  Shield Battery  
  61  8:43  Immortal  
  63  9:03  Pylon  
  63  9:14  Immortal  
  65  9:32  Observer  
  62  9:53  Observer  
  62  9:55  Stargate  
  62  9:56  Probe  
  64  10:03  Stargate  
  60  10:08  Probe x2  
  62  10:20  Probe x2  
  64  10:22  Stalker  
  64  10:25  Stalker  
  68  10:32  Probe x2  
  70  10:40  Photon Cannon  
  70  10:44  Probe x2  
  72  10:56  Probe  
  71  11:11  Fleet Beacon  
  71  11:18  Probe, Stargate  
  70  11:28  Stalker x2  
  70  11:30  Probe  
  75  11:42  Probe  
  74  11:53  Immortal  
  78  12:01  Pylon  
  78  12:02  Pylon  
  78  12:04  Pylon  
  78  12:07  Assimilator  
  78  12:15  Probe  
  78  12:21  Tempest  
  84  12:25  Probe  
  81  12:37  Probe  
  82  12:49  Probe  
  69  13:01  Probe  
  62  13:10  Void Ray, Unknown  
  59  13:20  Void Ray x2  
  71  13:31  Pylon  
  71  13:33  Pylon  
  71  13:42  Pylon  
  71  14:03  Void Ray x2  
  79  14:13  Photon Cannon  
  79  14:15  Void Ray  
  79  14:16  Photon Cannon  
  83  14:30  Photon Cannon  
  83  14:32  Photon Cannon  
  83  14:37  Photon Cannon  
  81  14:42  Pylon  
  81  14:51  Gateway  
  81  14:59  Pylon  
  81  15:02  Pylon  
  81  15:10  Pylon  
  81  15:13  Pylon  
  81  15:19  Void Ray  
  85  15:31  Void Ray  
  47  16:45  Pylon  
  43  17:00  Pylon  
  43  17:20  Pylon  
  18  20:31  Pylon  
  18  20:41  Nexus  
Tags
 
League
GoldGold
Matchup
PvZ
Replay Pack
MrFercho
Spawn Locations
Cross Positions
Add a new tag
Caveats
  • Supply blocks, unpowered buildings, or Contaminate may cause inaccurate times.
  • Supply counts are checked every 10 seconds.